 Dungeon Crawl Stone Soup version 0.21.1-1-g345015fe64 (webtiles) character file.

41582 hofbold the Archer (level 13, -1/113 HPs)
             Began as a Centaur Hunter on July 11, 2018.
             Was an Elder of Fedhas.
             Slain by a harpy (10 damage)
             ... summoned by Kirke
             ... on level 14 of the Dungeon.
             The game lasted 01:33:05 (28243 turns).

hofbold the Archer (Centaur Hunter)                Turns: 28243, Time: 01:33:05

Health: -1/113     AC: 19    Str: 15    XL:     13   Next: 80%
Magic:  20/20      EV: 13    Int: 10    God:    Fedhas [****..]
Gold:   1023       SH:  0    Dex: 18    Spells: 0/12 levels left

rFire    + . .     SeeInvis .   a - +2 shortbow
rCold    . . .     Gourm    .   (shield currently unavailable)
rNeg     . . .     Faith    .   J - +2 ring mail of Deot Bot {+Inv rF+}
rPois    .         Spirit   .   q - +2 helmet
rElec    .         Reflect  .   P - +2 cloak
rCorr    .         Harm     .   O - +0 pair of fencer's gloves {+Riposte Dex+3}
MR       +....                  (no barding)
Stlth    +.........             T - amulet of rage
HPRegen  0.28/turn              y - ring of protection from magic
MPRegen  0.17/turn              I - +3 ring of protection

@: about to teleport, slowed
A: large, claws 1, hooves 3, deformed body, speed 2, tough skin 3, evolution 1,
sturdy frame 1
a: Fungal Bloom, Evolution, Sunlight, Growth, Reproduction, Renounce Religion,
Evoke Berserk Rage, Evoke Invisibility


You were on level 14 of the Dungeon.
You worshipped Fedhas.
Fedhas was greatly pleased with you.
You were very hungry.

You visited 4 branches of the dungeon, and saw 21 of its levels.
You also visited: Ossuary.

You collected 1203 gold pieces.
You spent 180 gold pieces at shops.

Inventory:

Hand Weapons
 a - a +2 shortbow (weapon)
 b - a +5 halberd
 v - the +9 dagger of Red Wine {pierce, Str+5}
   (You found it on level 13 of the Dungeon)

   It inflicts extra damage upon your enemies.
   It affects your strength (+5).
 F - a +0 bardiche of venom
 X - a +0 quarterstaff of draining
Missiles
 p - 65 arrows (quivered)
 u - 268 stones
Armour
 q - a +2 helmet (worn)
 J - the +2 ring mail of Deot Bot (worn) {+Inv rF+}
   (You found it on level 7 of the Dungeon)

   It protects you from fire.
   It lets you turn invisible.
 O - the +0 pair of fencer's gloves (worn) {+Riposte Dex+3}
   (You found it on level 7 of the Dungeon)

   It affects your dexterity (+3).
 P - a +2 cloak (worn)
Jewellery
 k - an uncursed ring of flight
 y - a ring of protection from magic (left hand)
 H - an uncursed amulet of faith
 I - a +3 ring of protection (right hand)
 L - an uncursed ring of stealth
 T - an amulet of rage (around neck)
Wands
 o - a wand of digging (1)
 s - a wand of flame (14)
 x - a wand of random effects (6)
 S - a wand of paralysis (4)
 U - a wand of enslavement (6)
Scrolls
 c - 2 scrolls of magic mapping
 e - 11 scrolls of remove curse
 j - 5 scrolls of teleportation
 z - 4 scrolls of immolation
 K - a scroll of enchant armour
 R - 2 scrolls of fog
 V - 2 scrolls of amnesia
Potions
 d - 2 potions of brilliance
 g - 17 potions of curing
 i - 6 potions of lignification
 m - 4 potions of flight
 r - a potion of magic
 w - 2 potions of resistance
 A - a potion of cancellation
 B - 2 potions of agility
 E - 4 potions of haste
 G - 4 potions of mutation
 M - 2 potions of might
 N - a potion of ambrosia {unknown}
 W - a potion of heal wounds
Books
 l - a book of Maledictions

   Spells                             Type                      Level
   a - Corona                         Hexes                        1
   b - Ensorcelled Hibernation        Hexes/Ice                    2
   c - Confuse                        Hexes                        3
   d - Tukima's Dance                 Hexes                        3
   e - Dazzling Spray                 Conjuration/Hexes            3
 n - a book of Changes

   Spells                             Type                      Level
   a - Beastly Appendage              Transmutation                1
   b - Sticks to Snakes               Transmutation                2
   c - Spider Form                    Transmutation/Poison         3
   d - Ice Form                       Ice/Transmutation            4
   e - Blade Hands                    Transmutation                5
 t - a book of Geomancy

   Spells                             Type                      Level
   a - Sandblast                      Earth                        1
   b - Passwall                       Transmutation/Earth          2
   c - Stone Arrow                    Conjuration/Earth            3
   d - Petrify                        Transmutation/Earth          4
   e - Lee's Rapid Deconstruction     Earth                        5
 Q - a book of Burglary

   Spells                             Type                      Level
   a - Swiftness                      Charms/Air                   2
   b - Passwall                       Transmutation/Earth          2
   c - Passage of Golubria            Translocation                4
   d - Lee's Rapid Deconstruction     Earth                        5
   e - Darkness                       Hexes                        6
   f - Invisibility                   Hexes                        6
Miscellaneous
 D - a lamp of fire (inert)
Comestibles
 f - 30 rations


   Skills:
 * Level 10.0 Fighting
   Level 1.7 Maces & Flails
 + Level 7.1 Polearms
 * Level 14.8 Bows
 + Level 6.2 Armour
 + Level 6.5 Dodging
 - Level 0.4 Stealth
 + Level 4.2 Hexes
 + Level 7.6 Invocations
 * Level 9.3 Evocations


You couldn't memorise any spells.
You knew the following spells:

 Your Spells              Type           Power        Failure   Level  Hunger
c - Confuse               Hex            #.......     26%         3    ####...
d - Tukima's Dance        Hex            #.......     26%         3    ####...
i - Invisibility          Hex            #.......     100%        6    #######


Dungeon Overview and Level Annotations

Branches:
Dungeon (14/15)            Temple (1/1) D:4            Lair (4/6) D:10
 Shoals (0/4) Lair:3       Spider (0/4) Lair:2          Orc (2/2) D:12
 Vaults (0/5) D:13
    Elf: Orc:2

Altars:
Ashenzari
Cheibriados
Dithmenos
Elyvilon
Fedhas
Gozag
Hepliaklqana
Kikubaaqudgha
Makhleb
Nemelex Xobeh
Okawaru
Qazlal
Ru
Sif Muna
Trog
Uskayaw
Vehumet
Wu Jian
Xom
Yredelemnul
Zin
The Shining One

Shops:
D:4 =   D:6 [   D:10 !

Portals:
Trove: D:10 (show abyssal rune of Zot)

Annotations:
D:14 Kirke, Rupert


Innate Abilities, Weirdness & Mutations

You have hooves in place of feet.
Armour fits poorly on your strangely shaped body.
You cover ground very quickly.
You have extremely tough skin. (AC +3)
You have sharp fingernails.
You evolve.
Your movements are slightly less encumbered by armour. (ER -2)


Message History

The harpy screeches!
The harpy claws you!
* * * LOW HITPOINT WARNING * * *
The harpy claws you but does no damage. Something hits you but does no damage.
The sphinx hits you but does no damage. x3
You can move again.
As you read the scroll of teleportation, it crumbles to dust.
You feel strangely unstable.
The harpy screeches!
The harpy claws you but does no damage. x4; The harpy closely misses you.
The harpy misses you. Something hits you but does no damage.
Rupert yells loudly at you.
You easily resist.
The sphinx hits you but does no damage. x3
The harpy claws you but does no damage. The harpy claws you!
* * * LOW HITPOINT WARNING * * *
Something hits you.
* * * LOW HITPOINT WARNING * * *
The harpy barely misses you. The harpy claws you!
You die...
Fedhas appreciates your contribution to the ecosystem.

#..##.*##..# #.#
#####.Q##..#######.#####
#.....*........#.......#
#..........†...'.......#
.
#####+###.....##.......#
..
#..##..Y..##...#####...
........H{......#.......
........@.H.....#....#
....##...H@##...'....#
#### #.....##...#....#
#..........#....#
............)#####...
.................'...
..##.....##.......#...
#+ ####+###...##..#
#....##### #.....#


You could see Rupert, a sphinx, a yak, 2 harpies, a tengu conjurer and a
battlesphere.

Vanquished Creatures
  A stone giant (Orc:1)
  2 hydras
  The ghost of Htamos the Severer, a journeyman MiFi of Okawaru (D:10)
  A centaur warrior (D:13)
  Erica (D:10)
  4 two-headed ogres
  4 skeletal warriors
  3 unseen horrors
  A deep elf archer (D:13)
  2 deep elf magi (D:13)
  An orc sorcerer (Orc:1)
  2 orc knights
  2 cyclopes
  6 ugly things
  A manticore (D:13)
  A merfolk siren (Lair:3)
  2 spiny frogs (Lair:1)
  A rime drake (Lair:3)
  A freezing wraith (D:14)
  3 komodo dragons
  3 yaktaurs (D:13)
  A polar bear (Lair:1)
  2 tengu conjurers
  3 trolls
  A hornet (D:8)
  3 blink frogs (Lair:3)
  4 hippogriffs
  The ghost of Thargor the Covered, an amateur GrFi (D:5)
  A vampire (D:10)
  Sigmund (D:2)
  A spriggan (D:7)
  15 yaks
  6 wyverns
  4 hogs (D:14)
  2 basilisks
  Menkaure (D:7)
  2 wargs (Orc:1)
  3 soldier ants (Lair:4)
  7 porcupines
  7 water moccasins
  2 ice beasts
  5 sky beasts
  10 orc warriors
  An eye of draining (D:13)
  2 black bears
  A phantom (D:3)
  A hornet zombie (D:12)
  17 wolves
  10 ogres
  6 centaurs
  3 crocodiles
  2 big kobolds
  17 bullfrogs
  A wyvern skeleton (D:9)
  6 scorpions
  19 wights
  21 killer bees
  A howler monkey (D:4)
  4 crimson imps
  A centaur zombie (Ossuary)
  A quasit (D:9)
  4 jellies
  7 hounds
  3 bullfrog skeletons
  10 orc priests
  7 centaur skeletons
  A gnoll shaman (D:2)
  16 orc wizards
  4 iguanas
  3 human skeletons (Ossuary)
  12 worker ants
  4 hell rats (Lair:1)
  A hound zombie (D:8)
  2 hound skeletons
  4 mummies (Ossuary)
  Robin (D:4)
  4 gnolls
  A howler monkey skeleton (D:7)
  2 river rats (Lair:1)
  18 adders
  3 shadow imps
  An ooze (D:3)
  An adder zombie (D:7)
  An adder skeleton (D:7)
  7 worms
  4 dart slugs
  12 leopard geckos
  37 orcs
  17 bats
  5 giant cockroaches
  16 goblins
  12 hobgoblins
  21 jackals
  7 quokkas
  8 frilled lizards
  A gnoll skeleton (Ossuary)
  A goblin skeleton (Ossuary)
  A goblin zombie (Ossuary)
  A jackal skeleton (D:8)
  12 kobolds
  An orc skeleton (Ossuary)
  A quokka zombie (D:7)
  16 rats
529 creatures vanquished.

Vanquished Creatures (collateral kills)
  A sky beast (D:10)
1 creature vanquished.

Vanquished Creatures (others)
  3 wolf spider zombies
  An orc warrior (D:10)
  A necrophage (D:12)
  An orc wizard (D:13)
  An orc priest (D:13)
  2 plants (Lair:1)
  16 toadstools
25 creatures vanquished.

Grand Total: 555 creatures vanquished

Notes
Turn   | Place    | Note
-------+----------+-------------------------------------------
     0 | D:1      | hofbold the Centaur Hunter began the quest for the Orb.
     0 | D:1      | Reached XP level 1. HP: 17/17 MP: 1/1
   190 | D:1      | Reached XP level 2. HP: 24/24 MP: 2/2
   550 | D:1      | Reached XP level 3. HP: 29/30 MP: 3/3
  1257 | D:2      | Found a deep blue altar of Sif Muna.
  1279 | D:2      | Found a stormy altar of Qazlal.
  1331 | D:2      | Reached skill level 1 in Armour
  1925 | D:2      | Noticed Sigmund
  1935 | D:2      | Killed Sigmund
  1935 | D:2      | Reached skill level 1 in Maces & Flails
  1935 | D:2      | Reached skill level 6 in Bows
  1935 | D:2      | Reached XP level 4. HP: 35/38 MP: 4/4
  1935 | D:2      | Reached XP level 5. HP: 42/45 MP: 5/5
  2036 | D:2      | Found a sparkling altar of Nemelex Xobeh.
  2069 | D:2      | Reached XP level 6. HP: 51/51 MP: 6/6
  2226 | D:2      | Found a hide-covered altar of Uskayaw.
  2372 | D:2      | Found a sacrificial altar of Ru.
  3280 | D:4      | Reached skill level 1 in Polearms
  3430 | D:4      | Found a staircase to the Ecumenical Temple.
  3560 | D:3      | Reached skill level 7 in Bows
  3560 | D:3      | Reached skill level 1 in Evocations
  3560 | D:3      | Reached XP level 7. HP: 45/59 MP: 7/7
  3831 | D:4      | Noticed Robin
  3880 | D:4      | Killed Robin
  4426 | D:4      | Found Ydoemuec's Jewellery Boutique.
  4451 | D:4      | Found a burning altar of Makhleb.
  4646 | Temple   | Entered the Ecumenical Temple
  4741 | Temple   | Became a worshipper of Fedhas Madash
  4776 | D:5      | Entered Level 5 of the Dungeon
  4818 | D:5      | Noticed Thargor's ghost (amateur GrFi)
  5193 | D:5      | Found a sand-covered staircase.
  5198 | Ossuary  | Entered an ossuary
  5251 | Ossuary  | Reached XP level 8. HP: 65/67 MP: 9/9
  5512 | Ossuary  | Reached skill level 5 in Fighting
  5512 | Ossuary  | Reached skill level 8 in Bows
  5628 | D:5      | Found an opulent altar of Gozag.
  5800 | D:5      | Found a sparkling altar of Nemelex Xobeh.
  5949 | D:5      | Killed Thargor's ghost
  6089 | D:5      | Reached skill level 9 in Bows
  6712 | D:6      | Found an iron altar of Okawaru.
  6831 | D:6      | Reached XP level 9. HP: 75/75 MP: 11/11
  6838 | D:6      | Found Beach's Antique Armour Boutique.
  6849 | D:6      | Bought a shiny buckler for 180 gold pieces
  6873 | D:6      | Got a shimmering hunting sling
  6899 | D:6      | Identified the cursed +0 hunting sling of Righteous Anger {venom, MP+9 Int+5} (You found it on level 6 of the Dungeon)
  7691 | D:6      | Reached skill level 1 in Invocations
  8159 | D:7      | Reached * piety under Fedhas
  8460 | D:7      | Got an amethyst-encrusted ring mail
  8461 | D:7      | Identified the +2 ring mail of Deot Bot {+Inv rF+} (You found it on level 7 of the Dungeon)
  8834 | D:7      | Reached skill level 10 in Bows
  8840 | D:7      | Found the +0 pair of fencer's gloves {+Riposte Dex+3}
  8985 | D:7      | Noticed Menkaure
  9002 | D:7      | Killed Menkaure
  9950 | D:8      | Reached XP level 10. HP: 86/86 MP: 13/13
  9963 | D:8      | Noticed a two-headed ogre
  9972 | D:8      | Killed a two-headed ogre
 10334 | D:8      | Found a radiant altar of Vehumet.
 10538 | D:8      | Found a shadowy altar of Dithmenos.
 10554 | D:8      | Noticed a two-headed ogre
 10580 | D:8      | Killed a two-headed ogre
 10580 | D:8      | Reached skill level 11 in Bows
 10580 | D:8      | Reached skill level 5 in Evocations
 11047 | D:8      | Found a snail-covered altar of Cheibriados.
 11483 | D:9      | Found an ancient bone altar of Kikubaaqudgha.
 12141 | D:8      | Paralysed by a hornet for 1 turns
 12731 | D:10     | Entered Level 10 of the Dungeon
 12736 | D:10     | Found a staircase to the Lair.
 12746 | D:10     | Reached XP level 11. HP: 87/92 MP: 15/15
 12882 | D:10     | Reached skill level 5 in Dodging
 12884 | D:10     | Reached ** piety under Fedhas
 12893 | D:10     | Noticed Htamos's ghost (journeyman MiFi)
 13000 | D:10     | Killed an unseen horror
 13248 | D:10     | Noticed Erica
 13297 | D:10     | Killed Erica
 13297 | D:10     | Reached skill level 5 in Polearms
 13297 | D:10     | Reached skill level 12 in Bows
 13313 | D:10     | Gained mutation: You occasionally shout uncontrollably at your foes. [mutagenic glow]
 13494 | D:10     | Lost mutation: You occasionally shout uncontrollably at your foes. [potion of mutation]
 13494 | D:10     | Gained mutation: You evolve. [potion of mutation]
 13494 | D:10     | Gained mutation: Your magical capacity is low. (-10% MP) [potion of mutation]
 13494 | D:10     | Gained mutation: Your movements are slightly less encumbered by armour. (ER -2) [potion of mutation]
 13540 | D:10     | Found a portal to a secret trove of treasure.
 13703 | D:10     | Found Vodoesm's Distillery.
 13965 | D:10     | Killed Htamos's ghost
 13965 | D:10     | Reached skill level 5 in Invocations
 14212 | D:11     | Noticed a two-headed ogre
 14232 | D:11     | Killed a two-headed ogre
 14622 | D:11     | Reached skill level 5 in Armour
 14698 | D:11     | Noticed a cyan ugly thing
 14744 | D:10     | Learned a level 3 spell: Confuse
 14751 | D:10     | Learned a level 6 spell: Invisibility
 14778 | Lair:1   | Entered Level 1 of the Lair of Beasts
 15516 | Lair:1   | Reached skill level 1 in Hexes
 16150 | D:10     | Reached XP level 12. HP: 96/103 MP: 15/15
 16842 | Lair:2   | Found a hole to the Spider Nest.
 16884 | Lair:2   | Noticed an eight-headed hydra
 17427 | D:11     | Reached skill level 13 in Bows
 17928 | D:12     | Found a staircase to the Orcish Mines.
 18311 | D:12     | Found a blossoming altar of Fedhas.
 18368 | D:12     | Noticed a two-headed ogre
 18377 | D:12     | Killed a two-headed ogre
 19097 | Orc:1    | Entered Level 1 of the Orcish Mines
 19528 | Orc:1    | Reached *** piety under Fedhas
 19594 | Orc:2    | Entered Level 2 of the Orcish Mines
 19993 | Orc:2    | Noticed a stone giant
 20607 | Lair:2   | Found a glowing silver altar of Zin.
 20633 | Lair:2   | Killed an eight-headed hydra
 21537 | Lair:3   | Reached XP level 13. HP: 111/111 MP: 17/17
 21558 | Lair:3   | Reached skill level 14 in Bows
 21977 | Lair:3   | Found a staircase to the Shoals.
 22101 | Lair:3   | Learned a level 3 spell: Tukima's Dance
 22481 | Lair:4   | Noticed an entropy weaver
 22825 | D:12     | Lost mutation: Your magical capacity is low. (-10% MP) [evolution]
 23457 | Orc:1    | Killed a stone giant
 24094 | Orc:2    | Noticed an orc warlord
 24480 | D:13     | HP: 4/166 [acid (11)]
 26432 | D:13     | Got a smoking dagger
 26433 | D:13     | Identified the +9 dagger of Red Wine {pierce, Str+5} (You found it on level 13 of the Dungeon)
 26531 | D:12     | Reached **** piety under Fedhas
 27168 | D:13     | Gained mutation: You have sharp fingernails. [evolution]
 27615 | D:13     | Found a gate to the Vaults.
 27997 | D:14     | Reached skill level 10 in Fighting
 28196 | D:14     | Noticed Kirke
 28225 | D:14     | Noticed Rupert
 28226 | D:14     | Noticed a sphinx
 28236 | D:14     | Paralysed by a sphinx for 6 turns
 28243 | D:14     | Slain by a harpy

Skill      XL: |  1  2  3  4  5  6  7  8  9 10 11 12 13 |
---------------+----------------------------------------+-----
Armour         | 1 2 3 4 5 6 |  6.2
Dodging        | 2 3 4 5 6 |  6.5
Fighting       | 3 4 6 7 8 9 10 | 10.0
Maces & Flails | 1 |  1.7
Bows           | 6 7 9 10 11 12 13 14 | 14.8
Polearms       | 1 2 3 4 5 6 7 |  7.1
Evocations     | 1 2 4 5 7 8 9 |  9.3
Invocations    | 2 4 5 6 7 |  7.6
Hexes          | 1 3 4 |  4.2
Stealth        | |  0.4

Action                   |  1- 3 |  4- 6 |  7- 9 | 10-12 | 13-15 || total
-------------------------+-------+-------+-------+-------+-------++-------
Melee: Short sword       |    89 |       |       |       |       ||    89
       Kick              |    27 |    19 |    93 |   172 |   115 ||   426
       Mace              |    23 |       |       |       |       ||    23
       Halberd           |       |   103 |   397 |   472 |   306 ||  1278
       Trident           |       |       |    16 |       |       ||    16
 Fire: Shortbow          |    11 |    80 |   114 |   605 |   185 ||   995
Throw: Stone             |       |    14 |     6 |     7 |    27 ||    54
 Cast: Confuse           |       |       |       |       |     1 ||     1
Invok: Fungal Bloom      |       |       |     9 |     5 |     3 ||    17
 Abil: Evoke Invisibilit |       |       |     2 |     3 |       ||     5
       Evoke Berserk Rag |       |       |       |       |     9 ||     9
Evoke: Wand              |       |       |     7 |    27 |    27 ||    61
       Lamp of fire      |       |       |       |     3 |     2 ||     5
  Use: Scroll            |     3 |     1 |    16 |     7 |    12 ||    39
       Potion            |       |     1 |     2 |     7 |       ||    10
 Stab: Invisible         |       |       |     2 |     4 |       ||     6
       Paralysed         |       |       |       |    12 |    32 ||    44
  Eat: Chunk             |     2 |     5 |    19 |    25 |    13 ||    64
       Ration            |       |       |       |     2 |     4 ||     6
Armor: Leather armour    |    33 |    16 |   195 |       |       ||   244
       Ring mail         |    27 |    55 |    26 |   335 |   204 ||   647
Dodge: Dodged            |    50 |    60 |   239 |   373 |   156 ||   878
Block: Buckler           |       |       |     1 |       |       ||     1
       Rpst.: Halberd    |       |       |     8 |    85 |    28 ||   121
       Shortbow          |       |       |     1 |    16 |     1 ||    18
